 Dungeon Crawl Stone Soup version 0.23.2-33-g5129a83184 (webtiles) character file.

Game seed: 13553466604444284560

89329 Folque the Geomancer (level 15, -3/110 HPs)
             Began as a White Draconian Earth Elementalist on July 24, 2019.
             Was a High Priest of Sif Muna.
             Slain by an iron troll simulacrum (13 damage)
             ... in an ice cave on July 25, 2019.
             The game lasted 01:57:45 (29325 turns).

Folque the Geomancer (DrEE)                        Turns: 29325, Time: 01:57:48

Health: -3/110     AC: 13    Str: 12    XL:     15   Next: 49%
Magic:  1/39       EV: 13    Int: 26    God:    Sif Muna [*****.]
Gold:   1584       SH: 11    Dex: 11    Spells: 7/34 levels left

rFire    + . .     SeeInvis .   q - +3 eveningstar (protect)
rCold    + + .     Gourm    .   V - +0 buckler
rNeg     . . .     Faith    .   (armour unavailable)
rPois    .         Spirit   .   N - +3 hat of Pondering {ponderous, MR+ MP+10 Int+5}
rElec    .         Reflect  +   (no cloak)
rCorr    .         Harm     .   j - +0 pair of gloves
MR       ++...                  (no boots)
Stlth    +++.......             D - +6 amulet of reflection
HPRegen  0.28/turn              o - ring of protection from fire
MPRegen  0.26/turn              f - ring of protection from cold

@: slightly contaminated, no casting, slow
A: breathe frost, unfitting armour, cold resistance 1, cold-blooded, AC +9
a: Breathe Frost, Stop Divine Energy, Channel Magic, Forget Spell, Renounce
Religion


You were in an ice cave.
You worshipped Sif Muna.
Sif Muna was extremely pleased with you.
You were not hungry.

You visited 6 branches of the dungeon, and saw 25 of its levels.
You also visited: Gauntlet and Ice Cave.

You collected 1584 gold pieces.

Inventory:

Hand Weapons
 q - a +3 eveningstar of protection (weapon)
 w - a +2 dagger of draining
 P - the +8 fustibalus of Disaster {freeze, Str-3 Int+5, unknown}
   (You found it in an ice cave)

   It causes projectiles fired from it to freeze those they strike, causing
   extra injury to most foes and up to half again as much damage against
   particularly susceptible opponents.
   They can also slow down cold-blooded creatures.
   It affects your strength (-3).
   It affects your intelligence (+5).
Missiles
 b - 339 stones (quivered)
Armour
 j - a +0 pair of gloves (worn)
 N - the +3 hat of Pondering (worn) {ponderous, MR+ MP+10 Int+5}
   (You took it off Gastronok on level 11 of the Dungeon)

   It affects your intelligence (+5).
   It affects your resistance to hostile enchantments.
   It affects your magic capacity (+10).
 V - a +0 buckler (worn)
Magical Staves
 m - an uncursed staff of death
Jewellery
 f - a ring of protection from cold (right hand)
 o - a ring of protection from fire (left hand)
 y - an uncursed ring of flight
 D - a +6 amulet of reflection (around neck)
 G - a +4 ring of intelligence {unknown}
 O - an uncursed ring of protection from fire
 Z - an uncursed ring of wizardry {unknown}
Wands
 p - a wand of enslavement (12)
 C - a wand of acid (4)
 F - a wand of iceblast (33)
 H - a wand of clouds (6)
 I - a wand of scattershot (7)
 T - a wand of disintegration (25)
 X - a wand of polymorph (5)
Scrolls
 d - 10 scrolls of remove curse
 i - 10 scrolls of teleportation
 k - 7 scrolls of identify
 r - 2 scrolls of enchant weapon {unknown}
 s - 2 scrolls of fog {unknown}
 t - 11 scrolls of amnesia
 u - 5 scrolls of magic mapping
 E - 2 scrolls of blinking
 Q - 4 scrolls of enchant armour
 R - 4 scrolls of fear {unknown}
 U - a scroll of holy word {unknown}
Potions
 a - 3 potions of mutation
 e - 5 potions of lignification
 g - 7 potions of might
 l - 2 potions of brilliance
 n - 4 potions of curing
 v - 2 potions of haste
 x - 2 potions of ambrosia
 z - 3 potions of invisibility
 A - a potion of agility
 B - 3 potions of heal wounds
 J - a potion of magic {unknown}
 K - a potion of berserk rage {unknown}
 L - 4 potions of flight
 S - 2 potions of cancellation
 W - 3 potions of resistance
Miscellaneous
 M - a phial of floods
 Y - a lightning rod (3/4)
Comestibles
 c - 54 rations


   Skills:
 - Level 4.1 Fighting
 - Level 4.3 Short Blades
 - Level 4.0 Dodging
 - Level 7.1 Stealth
 - Level 6.2 Shields
 - Level 10.0 Spellcasting
 * Level 11.3 Conjurations
 + Level 9.2 Summonings
 - Level 5.3 Transmutations
 - Level 9.4 Ice Magic
 * Level 14.1 Earth Magic
 - Level 8.0 Invocations


You had 7 spell levels left.
You knew the following spells:

 Your Spells              Type           Power        Failure   Level  Hunger
a - Sandblast             Erth           ######       0%          1    None
b - Passwall              Tmut/Erth      ######..     1%          2    None
c - Stone Arrow           Conj/Erth      ######       1%          3    None
d - Lee's Rapid Deconstr  Erth           ######....   1%          5    ####...
e - Petrify               Tmut/Erth      ######..     1%          4    None
f - Bolt of Cold          Conj/Ice       ######....   10%         6    #####..
g - Summon Butterflies    Summ           ######..     1%          1    None
h - Irradiate             Conj/Tmut      ######....   4%          5    ####...

Your spell library contained the following spells:

 Spells                   Type           Power        Failure   Level  Hunger
 Beastly Appendage        Tmut           #####.       1%          1    None
 Flame Tongue             Conj/Fire      #####        1%          1    None
 Freeze                   Ice            ####         1%          1    None
 Summon Small Mammal      Summ           ####         1%          1    None
 Call Imp                 Summ           ######..     1%          2    None
 Ensorcelled Hibernation  Hex/Ice        #####.       1%          2    None
 Searing Ray              Conj           ######       1%          2    None
 Throw Frost              Conj/Ice       ######       1%          2    None
 Call Canine Familiar     Summ           ######..     1%          3    None
 Ozocubu's Armour         Chrm/Ice       #####...     1%          3    None
 Recall                   Summ/Tloc      N/A          1%          3    None
 Summon Guardian Golem    Hex/Summ       #####...     1%          3    None
 Summon Ice Beast         Ice/Summ       ######..     1%          4    None
 Throw Icicle             Conj/Ice       ######..     1%          4    None
 Ice Form                 Ice/Tmut       ######..     2%          4    None
 Leda's Liquefaction      Hex/Erth       #####.....   2%          4    None
 Animate Skeleton         Necr           N/A          4%          1    None
 Apportation              Tloc           ##....       4%          1    None
 Confusing Touch          Hex            ##....       4%          1    None
 Corona                   Hex            ##.....      4%          1    None
 Pain                     Necr           ##..         4%          1    None
 Blink                    Tloc           N/A          7%          2    None
 Shroud of Golubria       Chrm/Tloc      ##........   7%          2    None
 Slow                     Hex            ##......     7%          2    None
 Song of Slaying          Chrm           ##......     7%          2    None
 Summon Lightning Spire   Summ/Air       #####...     7%          4    None
 Bolt of Draining         Conj/Necr      #####.....   12%         5    ####...
 Lightning Bolt           Conj/Air       #####.....   12%         5    ####...
 Statue Form              Tmut/Erth      ######...    13%         6    #####..
 Confuse                  Hex            ##......     14%         3    None
 Gell's Gravitas          Tloc           ##........   14%         3    None
 Inner Flame              Hex/Fire       ##......     14%         3    None
 Lesser Beckoning         Tloc           ##........   14%         3    None
 Portal Projectile        Hex/Tloc       ##....       14%         3    None
 Regeneration             Chrm/Necr      ##........   14%         3    None
 Spectral Weapon          Hex/Chrm       ##......     14%         3    None
 Teleport Other           Tloc           ##......     14%         3    None
 Tukima's Dance           Hex            ##......     14%         3    None
 Vampiric Draining        Necr           ##........   14%         3    None
 Ozocubu's Refrigeration  Ice            ######....   14%         6    #####..
 Metabolic Englaciation   Hex/Ice        #####.....   19%         5    ####...
 Summon Forest            Summ/Tloc      #####.....   19%         5    ####...
 Summon Mana Viper        Hex/Summ       #####...     19%         5    ####...
 Orb of Destruction       Conj           ######....   36%         7    #######
 Yara's Violent Unravell  Hex/Tmut       ####......   38%         5    ####...
 Animate Dead             Necr           N/A          41%         4    None
 Cause Fear               Hex            ##........   41%         4    None
 Passage of Golubria      Tloc           N/A          41%         4    None
 Poison Arrow             Conj/Pois      #####.....   56%         6    #####..
 Hydra Form               Tmut           #####.....   61%         6    #####..
 Summon Hydra             Summ           ######....   65%         7    #######
 Dragon Form              Tmut           #####.....   99%         7    #######
 Malign Gateway           Summ/Tloc      #####.....   99%         7    #######
 Lehudib's Crystal Spear  Conj/Erth      ######....   85%         8    #######
 Death's Door             Chrm/Necr      ##........   100%        8    #######
 Glaciate                 Conj/Ice       ######....   100%        9    #######
 Shatter                  Erth           ######....   100%        9    #######


Dungeon Overview and Level Annotations

Branches:
Dungeon (15/15)            Temple (1/1) D:5            Lair (6/6) D:10
  Swamp (1/4) Lair:3        Snake (0/4) Lair:3        Slime (1/5) Lair:6
    Orc (1/2) D:9          Vaults (0/5) D:13         Depths (0/5) D:15

Altars:
Ashenzari
Cheibriados
Dithmenos
Elyvilon
Fedhas
Gozag
Hepliaklqana
Kikubaaqudgha
Makhleb
Nemelex Xobeh
Okawaru
Qazlal
Ru
Sif Muna
Trog
Uskayaw
Vehumet
Wu Jian
Xom
Yredelemnul
Zin
The Shining One
Jiyva
Lugonu

Shops:
D:11 ?   D:15 [

Portals:
Hell: Lair:6

Annotations:
D:8 1 runed translucent door, geeseburger's ghost, novice DrMo
D:9 2 transporters


Innate Abilities, Weirdness & Mutations

You can breathe waves of freezing cold.
You can buffet flying creatures when you breathe cold.
Your icy white scales are hard. (AC +9)
You cannot fit into any form of body armour.
Your flesh is cold resistant. (rC+)
You are cold-blooded and may be slowed by cold attacks.


Message History

Evoke which item? (* to show all) (? for menu, Esc to quit)
Okay, then.
Evoke which item? (* to show all) (? for menu, Esc to quit)
Aiming: Thunderbolt
Press: ? - help, Shift-Dir - straight line, f - seven-headed hydra simulacrum
Aim: a seven-headed hydra simulacrum The thunderbolt hits the seven-headed hydra simulacrum.
The seven-headed hydra simulacrum is lightly damaged.
The thunderbolt hits the ice devil!
The ice devil is moderately wounded.
The thunderbolt hits the iron troll simulacrum!
The iron troll simulacrum is almost destroyed.
The iron troll simulacrum bites you.
* * * LOW HITPOINT WARNING * * *
The iron troll simulacrum freezes you! You resist.
* * * LOW HITPOINT WARNING * * *
The iron troll simulacrum claws you.
* * * LOW HITPOINT WARNING * * *
The iron troll simulacrum freezes you! You resist.
You die...

≈≈≈≈≈≈≈≈### ≈≈≈≈≈≈≈≈≈#
#≈≈#≈≈≈≈ ## #####≈≈≈###
##Z☼ ###...##≈≈≈#≈ .1Z4#
##..##..≈#≈≈≈≈ Z.ZZ.#
#..#####.≈≈#≈≈ #4Z☼Z#
########..#..#######
#☼°○##4Z@##...#..#.###.##
#..Z##...########.#.⌠.#
########## ##.#.## #####


You could see an ice devil, a seven-headed hydra simulacrum and an iron troll
simulacrum.

Vanquished Creatures
  Rupert (Lair:5)
  Gastronok (D:11)
  An ettin (D:15)
  A great orb of eyes (Slime:1)
  8 hydras
  A rakshasa (D:14)
  An ice dragon (Swamp:1)
  16 two-headed ogres
  5 centaur warriors
  An alligator (Swamp:1)
  2 ogre magi (D:15)
  Urug (D:11)
  A sixfirhy (Lair:6)
  An unseen horror (D:13)
  3 wizards
  2 oklob plants
  A deep elf mage (D:13)
  An orc sorcerer (D:15)
  7 ugly things
  A cyclops (D:11)
  A manticore (D:12)
  A smoke demon (Lair:6)
  Joseph (D:7)
  4 black mambas
  An orange demon (Lair:6)
  13 spiny frogs
  2 freezing wraiths (IceCv)
  10 komodo dragons
  4 rime drakes (Lair:6)
  3 yaktaurs (D:15)
  3 anaconda simulacra (IceCv)
  A golden dragon simulacrum (IceCv)
  8 ice devils
  A red devil (Lair:6)
  3 tengu conjurers (D:15)
  A queen bee (Lair:1)
  3 hornets
  8 trolls
  A wolf spider simulacrum (IceCv)
  3 tyrant leeches (Swamp:1)
  Prince Ribbit (D:5)
  A polar bear (Lair:1)
  5 dream sheep (Lair:6)
  7 slime creatures
  12 hippogriffs
  2 bog bodies
  16 blink frogs
  2 shadows (D:14)
  3 dire elephant simulacra (IceCv)
  3 wyverns
  A wraith (D:14)
  A vampire (D:13)
  42 yaks
  3 basilisks
  A hog (shapeshifter) (D:14)
  A human (D:10)
  Menkaure (D:7)
  2 iron troll simulacra (IceCv)
  3 wargs (D:10)
  A harpy simulacrum (IceCv)
  A naga (Lair:3)
  2 hydra simulacra (IceCv)
  6 swamp worms
  4 hell hounds (Lair:6)
  9 water moccasins
  7 porcupines
  5 orc warriors
  2 sky beasts
  3 phantoms
  An eye of draining (shapeshifter) (D:14)
  An ice beast (D:14)
  8 ogres
  13 wolves
  An eye of draining (D:15)
  12 centaurs
  7 crocodiles
  14 bullfrogs
  Blork the orc (D:5)
  A water moccasin zombie (D:7)
  2 wyvern skeletons
  7 scorpions
  45 killer bees
  7 wights
  8 howler monkeys
  An electric eel (Lair:3)
  2 bullfrog zombies
  9 crimson imps
  3 centaur zombies
  4 draconian simulacra (IceCv)
  A quasit (D:11)
  A bullfrog skeleton (D:6)
  7 orc priests
  6 hounds
  5 jellies
  15 orc wizards
  9 centaur skeletons
  An iguana (D:5)
  7 hell rats (Lair:3)
  2 polar bear simulacra (IceCv)
  3 spriggan simulacra (IceCv)
  A statue (D:7)
  11 worker ants
  2 hound skeletons
  A hound zombie (D:9)
  2 naga simulacra (IceCv)
  10 river rats (Lair:3)
  16 adders
  2 ogre simulacra (IceCv)
  A shadow imp (D:9)
  7 white imps (IceCv)
  3 ufetubi (IceCv)
  An ooze (D:7)
  An adder skeleton (D:6)
  4 worms
  2 dart slugs (D:2)
  5 leopard geckos
  26 orcs
  4 giant cockroaches
  8 goblins
  4 hobgoblins
  9 jackals
  6 kobolds
  9 quokkas
  2 ball pythons (D:2)
  9 bats
  3 frilled lizards
  24 rats
  A bush (Lair:5)
  A butterfly (D:2)
  A fungus (Lair:1)
655 creatures vanquished.

Vanquished Creatures (collateral kills)
  An ugly thing (D:14)
  A black mamba (Lair:2)
  A komodo dragon (Lair:1)
  3 blink frogs
  A naga (Lair:3)
  A bullfrog (Lair:3)
  2 killer bees (Lair:1)
  An orc (D:4)
11 creatures vanquished.

Vanquished Creatures (others)
  A centaur warrior (D:15)
  An ugly thing (IceCv)
  7 fungi
  3 plants
12 creatures vanquished.

Grand Total: 678 creatures vanquished

Notes
Turn   | Place    | Note
-------+----------+-------------------------------------------
     0 | D:1      | Folque the Draconian Earth Elementalist began the quest for
                  | the Orb.
     0 | D:1      | Reached XP level 1. HP: 14/14 MP: 3/3
   154 | D:1      | Reached skill level 1 in Fighting
   265 | D:1      | Reached XP level 2. HP: 23/23 MP: 5/5
   811 | D:2      | Learned a level 2 spell: Passwall
   862 | D:2      | Reached XP level 3. HP: 29/29 MP: 2/6
   884 | D:2      | Learned a level 3 spell: Stone Arrow
   905 | D:2      | Found a shattered altar of Ashenzari.
  1062 | D:2      | Reached skill level 1 in Conjurations
  1062 | D:2      | Reached XP level 4. HP: 32/36 MP: 4/8
  1132 | D:2      | Found a shadowy altar of Dithmenos.
  1219 | D:2      | Found a shimmering altar of Xom.
  1288 | D:2      | Noticed a moth of wrath
  1290 | D:2      | Found a bloodstained altar of Trog.
  1855 | D:3      | Reached XP level 5. HP: 29/41 MP: 0/9
  1862 | D:3      | Reached skill level 4 in Earth Magic
  2790 | D:4      | Noticed an ogre
  2796 | D:4      | Killed an ogre
  2796 | D:4      | Reached XP level 6. HP: 48/48 MP: 2/11
  2807 | D:4      | Learned a level 5 spell: Lee's Rapid Deconstruction
  3360 | D:4      | Noticed a +0 dagger
  3360 | D:4      | Noticed a +0 dagger
  3364 | D:4      | Found a hide-covered altar of Uskayaw.
  3372 | D:4      | Found a burning altar of Makhleb.
  3614 | D:5      | Entered Level 5 of the Dungeon
  3614 | D:5      | Found a staircase to the Ecumenical Temple.
  3635 | Temple   | Entered the Ecumenical Temple
  3869 | D:5      | Found a hazy altar of Hepliaklqana.
  3898 | D:4      | Reached skill level 5 in Earth Magic
  4375 | D:5      | Noticed Blork the orc
  4380 | D:5      | Killed Blork the orc
  4380 | D:5      | Your scales start taking on an icy white colour.
  4380 | D:5      | Reached XP level 7. HP: 50/55 MP: 3/13
  4380 | D:5      | Gained mutation: Your flesh is cold resistant. (rC+) [White
                  | Draconian growth]
  4490 | D:5      | Noticed Prince Ribbit
  4498 | D:5      | Killed Prince Ribbit
  4498 | D:5      | Reached skill level 6 in Earth Magic
  4698 | D:6      | Learned a level 4 spell: Petrify
  4756 | D:6      | Found a sacrificial altar of Ru.
  5019 | D:6      | Found a deep blue altar of Sif Muna.
  5022 | D:6      | Became a worshipper of Sif Muna the Loreminder
  5098 | D:6      | Reached skill level 5 in Spellcasting
  5098 | D:6      | Reached skill level 7 in Earth Magic
  5224 | D:7      | Reached XP level 8. HP: 58/61 MP: 7/15
  5236 | D:7      | Noticed Joseph
  5333 | D:7      | Killed Joseph
  5659 | D:7      | Reached * piety under Sif Muna
  5858 | D:7      | Noticed Menkaure
  5865 | D:7      | Killed Menkaure
  6065 | D:7      | Found a radiant altar of Vehumet.
  6128 | D:7      | Reached skill level 5 in Transmutations
  6162 | D:7      | Reached skill level 8 in Earth Magic
  6162 | D:7      | Reached XP level 9. HP: 60/67 MP: 1/16
  7299 | D:8      | Noticed a two-headed ogre
  7325 | D:8      | Killed a two-headed ogre
  7325 | D:8      | Reached skill level 5 in Stealth
  7425 | D:8      | Reached skill level 9 in Earth Magic
  7439 | D:8      | Reached ** piety under Sif Muna
  7687 | D:8      | Noticed a two-headed ogre
  7702 | D:8      | Killed a two-headed ogre
  7702 | D:8      | Reached XP level 10. HP: 65/73 MP: 14/17
  7749 | D:8      | Found a runed translucent door.
  7751 | D:8      | Noticed geeseburger's ghost (novice DrMo)
  7857 | D:8      | Reached skill level 1 in Short Blades
  8174 | D:8      | Found a white marble altar of Elyvilon.
  8380 | D:9      | Found a transporter.
  8386 | D:9      | Found a transporter.
  8388 | D:9      | Found an ancient bone altar of Kikubaaqudgha.
  8392 | D:9      | Noticed a flayed ghost
  8398 | D:9      | Found a basalt altar of Yredelemnul.
  8401 | D:9      | Found the +5 robe of Misfortune {*Contam Harm *Corrode
                  | *Drain *Slow EV+5}
  8544 | D:9      | Found a staircase to the Orcish Mines.
  8754 | D:9      | Found a snail-covered altar of Cheibriados.
  9185 | Orc:1    | Entered Level 1 of the Orcish Mines
  9246 | D:10     | Entered Level 10 of the Dungeon
  9271 | D:10     | Learned a level 4 spell: Summon Ice Beast
  9410 | D:10     | Reached skill level 1 in Ice Magic
 10211 | D:10     | Found a staircase to the Lair.
 10227 | D:10     | Reached skill level 10 in Earth Magic
 10577 | D:10     | Reached skill level 1 in Invocations
 11044 | D:11     | Noticed Urug
 11053 | D:11     | Reached *** piety under Sif Muna
 11107 | D:11     | Killed Urug
 11190 | D:11     | Reached XP level 11. HP: 65/82 MP: 0/18
 11322 | D:11     | Reached skill level 5 in Conjurations
 11428 | D:11     | Noticed a cyan ugly thing
 11442 | D:11     | Killed a cyan ugly thing
 11463 | D:11     | Paralysed by a hornet for 2 turns
 11646 | D:11     | Learned a level 1 spell: Summon Butterflies
 11874 | D:11     | Paralysed by a hornet for 2 turns
 11878 | D:11     | Reached skill level 5 in Invocations
 12012 | D:11     | Found Jedgh's Magic Scroll Shop.
 12167 | D:11     | Noticed Gastronok
 12183 | D:11     | Killed Gastronok
 12183 | D:11     | Reached skill level 1 in Summonings
 12675 | D:11     | Reached **** piety under Sif Muna
 12828 | Lair:1   | Entered Level 1 of the Lair of Beasts
 14147 | Lair:1   | Reached XP level 12. HP: 10/91 MP: 8/19
 14868 | Lair:2   | Reached skill level 5 in Summonings
 15337 | Lair:3   | Found a gate leading to a gauntlet.
 15350 | Lair:2   | Reached ***** piety under Sif Muna
 15487 | Gauntlet | Entered a Gauntlet
 15487 | Gauntlet | Found a transporter.
 15601 | Gauntlet | Found a transporter.
 15602 | Gauntlet | Found a transporter.
 15602 | Gauntlet | Noticed a death yak
 15606 | Gauntlet | Found a transporter.
 15607 | Gauntlet | Found a transporter.
 15607 | Gauntlet | Noticed a death yak
 15609 | Gauntlet | Found a transporter.
 15610 | Gauntlet | Noticed a death yak
 15610 | Gauntlet | Noticed a death yak
 15615 | Gauntlet | Found a transporter.
 15635 | Gauntlet | Found a transporter.
 15637 | Gauntlet | Noticed a blizzard demon
 15652 | Gauntlet | Found a transporter.
 15656 | Gauntlet | Found a transporter.
 15664 | Gauntlet | Found a transporter.
 15736 | Gauntlet | Found a transporter.
 15738 | Gauntlet | Noticed a hell beast
 15816 | Lair:3   | Found a staircase to the Snake Pit.
 15838 | Lair:3   | Identified Ikiuhaxi's Almanac of Hurtful Malediction (Sif
                  | Muna gifted it to you on level 3 of the Lair of Beasts)
 15838 | Lair:3   | Received a gift from Sif Muna
 15858 | Lair:3   | Learned a level 6 spell: Bolt of Cold
 16256 | Lair:3   | Reached skill level 5 in Ice Magic
 16755 | Lair:3   | Noticed a five-headed hydra
 16771 | Lair:3   | Killed a five-headed hydra
 16921 | Lair:3   | Noticed a four-headed hydra
 16934 | Lair:3   | Killed a four-headed hydra
 17047 | Lair:3   | Found a staircase to the Swamp.
 17680 | Lair:4   | Identified Xuics's Handbook of Earthen Moulding (Sif Muna
                  | gifted it to you on level 4 of the Lair of Beasts)
 17680 | Lair:4   | Received a gift from Sif Muna
 17744 | Lair:4   | Reached XP level 13. HP: 43/96 MP: 1/25
 19333 | Lair:5   | Noticed Rupert
 20037 | Lair:5   | Paralysed by Rupert for 2 turns
 20039 | Lair:5   | Killed Rupert
 20310 | Lair:6   | Entered Level 6 of the Lair of Beasts
 20311 | Lair:6   | Found a staircase to the Slime Pits.
 20326 | Lair:6   | Found a viscous altar of Jiyva.
 20377 | Lair:6   | Reached skill level 11 in Earth Magic
 20428 | Lair:6   | Identified Sif Muna's Collected Works on Twisted Protection
                  | (Sif Muna gifted it to you on level 6 of the Lair of
                  | Beasts)
 20428 | Lair:6   | Received a gift from Sif Muna
 20861 | Lair:6   | HP: 3/96 [wolf (11)]
 21617 | Lair:6   | Reached skill level 10 in Conjurations
 21625 | Lair:6   | Reached XP level 14. HP: 77/104 MP: 2/27
 21628 | Lair:6   | Reached skill level 10 in Spellcasting
 21642 | Lair:6   | Found a burning altar of Makhleb.
 21656 | Lair:6   | Found a gateway to Hell.
 22129 | Slime:1  | Entered Level 1 of the Pits of Slime
 22135 | Slime:1  | Reached skill level 12 in Earth Magic
 22646 | D:12     | Identified Sif Muna's Disquisition on Summoning and Stones
                  | (Sif Muna gifted it to you on level 12 of the Dungeon)
 22646 | D:12     | Received a gift from Sif Muna
 22843 | D:12     | Reached skill level 1 in Shields
 23874 | D:13     | Found a gate to the Vaults.
 23918 | D:13     | Identified the +6 chain mail of Qeuniodi {MR- rCorr Str+2
                  | Dex+4}
 25216 | D:14     | Reached skill level 13 in Earth Magic
 25435 | D:14     | Reached skill level 5 in Shields
 25775 | D:14     | Learned a level 5 spell: Irradiate
 25853 | D:15     | Entered Level 15 of the Dungeon
 25853 | D:15     | Found a sparkling altar of Nemelex Xobeh.
 25853 | D:15     | Found Jestryr's Armour Emporium.
 26372 | D:15     | Reached XP level 15. HP: 98/110 MP: 19/29
 26395 | D:15     | Identified Sif Muna's Compendium of Confrontation (Sif Muna
                  | gifted it to you on level 15 of the Dungeon)
 26395 | D:15     | Received a gift from Sif Muna
 27053 | D:15     | Found a staircase to the Depths.
 27732 | Swamp:1  | Entered Level 1 of the Swamp
 28249 | Swamp:1  | Found a frozen archway.
 28277 | IceCv    | Entered an ice cave
 28654 | IceCv    | Got a brightly glowing fustibalus
 28888 | IceCv    | Reached skill level 14 in Earth Magic
 29089 | IceCv    | Identified Sif Muna's Incunabulum of Snow (Sif Muna gifted
                  | it to you in an ice cave)
 29089 | IceCv    | Received a gift from Sif Muna
 29305 | IceCv    | Noticed an Ice Fiend
 29325 | IceCv    | Slain by an iron troll simulacrum

Skill      XL: |  1  2  3  4  5  6  7  8  9 10 11 12 13 14 15 |
---------------+----------------------------------------------+-----
Fighting       | 1 2 3 4 |  4.1
Conjurations   | 1 2 3 4 7 8 10 11 | 11.3
Spellcasting   | 3 4 5 8 9 10 | 10.0
Earth Magic    | 4 5 7 8 9 10 11 13 14 | 14.1
Dodging        | 3 4 |  4.0
Transmutations | 5 |  5.3
Stealth        | 7 |  7.1
Short Blades   | 4 |  4.3
Ice Magic      | 3 7 9 |  9.4
Invocations    | 3 7 8 |  8.0
Summonings     | 4 5 8 9 |  9.2
Shields        | 5 6 |  6.2

Action                   |  1- 3 |  4- 6 |  7- 9 | 10-12 | 13-15 || total
-------------------------+-------+-------+-------+-------+-------++-------
Melee: Unarmed           |    31 |       |       |       |       ||    31
       Tailslap          |    12 |     6 |    10 |    44 |    42 ||   114
       Dagger            |    52 |   113 |    53 |    51 |    96 ||   365
       Quarterstaff      |       |       |    63 |    66 |       ||   129
       Eveningstar       |       |       |       |   266 |   200 ||   466
Throw: Stone             |       |       |       |       |     1 ||     1
 Cast: Sandblast         |     7 |    28 |    26 |    64 |    81 ||   206
       Stone Arrow       |       |    17 |    51 |   146 |   217 ||   431
       Lee's Rapid Decon |       |       |     5 |    58 |   127 ||   190
       Petrify           |       |       |     6 |    38 |    70 ||   114
       Passwall          |       |       |       |     4 |       ||     4
       Summon Ice Beast  |       |       |       |    10 |       ||    10
       Summon Butterflie |       |       |       |     1 |     6 ||     7
       Bolt of Cold      |       |       |       |     2 |    17 ||    19
       Irradiate         |       |       |       |       |    16 ||    16
Invok: Divine Energy     |       |       |     1 |       |       ||     1
       Channel Magic     |       |       |       |     1 |     1 ||     2
 Abil: Breathe Frost     |       |       |     1 |       |     2 ||     3
Evoke: Wand              |       |     1 |       |     1 |     4 ||     6
       Phial of floods   |       |       |       |       |     2 ||     2
       Lightning rod     |       |       |       |       |     1 ||     1
  Use: Scroll            |     4 |       |       |     6 |    15 ||    25
       Potion            |       |     2 |     1 |     1 |    10 ||    14
 Stab: Distracted        |       |     1 |       |     2 |       ||     3
       Sleeping          |       |     1 |     2 |     3 |       ||     6
       Petrified         |       |       |    19 |    43 |    89 ||   151
       Petrifying        |       |       |       |     2 |     5 ||     7
  Eat: Chunk             |     1 |    26 |    12 |    49 |    45 ||   133
       Ration            |       |       |       |     2 |     7 ||     9
Armor: Skin              |    40 |    65 |    40 |   215 |   131 ||   491
Dodge: Dodged            |    63 |    92 |    67 |   408 |   262 ||   892
Block: Other             |       |       |       |    66 |    79 ||   145
       Reflection        |       |       |       |       |     5 ||     5
       Buckler           |       |       |       |       |    45 ||    45
